 Dungeon Crawl Stone Soup version 0.19-a0-742-g4563caa (webtiles) character file.

4673 Ijustatesigmund the Destroyer (level 10, -2/58 HPs)
             Began as a Tengu Wizard on June 22, 2016.
             Was an Initiate of Vehumet.
             Killed from afar by Erica (25 damage)
             ... with a wand of lightning
             ... on level 8 of the Dungeon on June 23, 2016.
             The game lasted 00:52:45 (12790 turns).

Ijustatesigmund the Destroyer (Tengu Wizard)       Turns: 12790, Time: 00:52:46

Health: -2/58      AC: 12    Str:  7    XL:     10   Next: 44%
Magic:  7/15       EV: 10    Int: 19    God:    Vehumet [......]
Gold:   79         SH:  0    Dex: 16    Spells: 5 memorised, 4 levels left

rFire  . . .     SeeInvis .     H - +3 falchion
rCold  + . .     Gourm    .     u - +2 ring mail {rC+}
rNeg   + . .     Faith    .     (no shield)
rPois  .         Spirit   .     b - +0 hat
rElec  .         Dismiss  .     w - +2 cloak
rCorr  .         Reflect  .     v - +0 pair of gloves
SustAt .         Harm     .     (boots unavailable)
MR     +....                    n - amulet of magic regeneration
Stlth  +.........               p - ring of protection from magic
                                F - ring of positive energy

@: repel missiles, somewhat resistant to hostile enchantments, very unstealthy
A: beak, talons 3, sense surroundings 1, able to fly 1
a: Fly, Renounce Religion


You were on level 8 of the Dungeon.
You worshipped Vehumet.
Vehumet was noncommittal.
You were not hungry.

You visited 2 branches of the dungeon, and saw 9 of its levels.
You also visited: Ossuary.

You collected 380 gold pieces.
You spent 301 gold pieces at shops.

Inventory:

Hand Weapons
 e - a +2 hunting sling of freezing
 l - a +2 short sword
 G - a +0 long sword
 H - a +3 falchion (weapon)
 K - a +1 rapier of flaming
Missiles
 f - 231 stones (quivered)
Armour
 a - a +0 robe
 b - a +0 hat (worn)
 u - a +2 ring mail of cold resistance (worn)
 v - a +0 pair of gloves (worn)
 w - a +2 cloak (worn)
Jewellery
 g - a +3 ring of strength
 n - an amulet of magic regeneration (around neck)
 p - a ring of protection from magic (right hand)
 y - the amulet of Bephuawu {Harm *Drain Dex+2}
   (You found it on level 5 of the Dungeon)

   [amulet of harm]

   It increases damage dealt and taken.
   It affects your dexterity (+2).
 F - a ring of positive energy (left hand)
Wands
 j - a wand of slowing (25/48)
 s - a wand of iceblast (1/15)
 z - a wand of random effects (33/48)
Scrolls
 k - a scroll of noise
 o - 4 scrolls of blinking
 r - 2 scrolls of remove curse
 t - 2 scrolls of immolation
 I - 3 scrolls of magic mapping
 J - a scroll of amnesia
Potions
 h - a potion of cure mutation
 m - 4 potions of curing
 q - a potion of haste
 x - a potion of magic
 D - a potion of brilliance
 E - a potion of cancellation
 L - a potion of lignification {unknown}
 M - a potion of flight {unknown}
Books
 c - a book of Minor Magic

   Spells                             Type                      Level
   a - Magic Dart                     Conjuration                  1
   b - Blink                          Translocation                2
   c - Call Imp                       Summoning                    2
   d - Repel Missiles                 Charms/Air                   2
   e - Slow                           Hexes                        2
   f - Conjure Flame                  Conjuration/Fire             3
   g - Mephitic Cloud                 Conjuration/Poison/Air       3
Comestibles
 d - 4 bread rations
 i - 4 meat rations


   Skills:
 + Level 4.4 Fighting
 + Level 5.3 Long Blades
 - Level 3.0 Slings
 - Level 4.5 Armour
 - Level 2.1 Dodging
 - Level 2.0 Stealth
 - Level 3.0 Spellcasting
 - Level 10.6 Conjurations
 - Level 4.2 Charms
   Level 1.2 Summonings
 - Level 5.4 Translocations
 - Level 2.3 Fire Magic
 - Level 2.2 Air Magic


You had 4 spell levels left.
You knew the following spells:

 Your Spells              Type           Power        Failure   Level  Hunger
a - Magic Dart            Conj           ####         1%          1    None
b - Blink                 Tloc           N/A          10%         2    ##.....
c - Repel Missiles        Chrm/Air       ###...       24%         2    ##.....
d - Conjure Flame         Conj/Fire      ####....     12%         3    ###....
e - Mephitic Cloud        Conj/Pois/Air  ###.....     24%         3    ###....


Dungeon Overview and Level Annotations

Branches:
Dungeon (8/15)             Temple (1/1) D:6
   Lair: D:8-11

Altars:
Ashenzari
Cheibriados
Dithmenos
Elyvilon
Fedhas
Gozag
Hepliaklqana
Kikubaaqudgha
Makhleb
Nemelex Xobeh
Okawaru
Pakellas
Qazlal
Ru
Sif Muna
Trog
Uskayaw
Vehumet
Xom
Yredelemnul
Zin
The Shining One

Shops:
D:8 ?

Annotations:
D:8 Erica, Joseph


Innate Abilities, Weirdness & Mutations

You have a beak for a mouth.
You have claws for feet.
You can fly.
You passively map a small area around you.


Message History

Evoke which item? (* to show all) (? for menu, Esc to quit)
Zapping:
s - a wand of iceblast (3/15)
Press: ? - help, Shift-Dir - straight line, f/p - Erica
Aim: Erica, wielding a scimitar of flaming, wearing a robe and carrying a wand of lightning {zapped: 3} (heavily wounded)
The mass of ice explodes!
The iceblast engulfs Erica.
Erica is severely wounded.
The iceblast engulfs the worker ant.
The worker ant is severely wounded.
This wand has 2 charges left.
You hear an angry buzzing noise.
Evoke which item? (* to show all) (? for menu, Esc to quit)
Zapping:
s - a wand of iceblast (2/15)
Press: ? - help, Shift-Dir - straight line, f/p - Erica
Aim: Erica, wielding a scimitar of flaming, wearing a robe and carrying a wand of lightning {zapped: 3} (severely wounded)
The mass of ice explodes!
The iceblast engulfs Erica.
Erica is almost dead.
This wand has 1 charge left.
You hear an angry buzzing noise.
You hear a shout!
Erica zaps a wand.
The bolt of lightning hits you!
You die...

.... ≈≈≈.≈ ,..
#.....[..# ... ≈≈≈≈≈.,
.., #........# * ..
..(...,, .#
*#.......<# . ....#
,.####......[.# * ,
,#=.. * ..##........#
,
#...#####.#.........#
, *#..@....#......>..#
#..#§##..........<.#
..<.##@##..#.........#
...a.#
#.#........####.#
.###@ #..)..##....#
#.# #
#..#..##.##.#*#.# ,
.....[....##..##.#
##........# #...h##
.........#####.... *
...#........###.#. *
##......#....#...#


You could see Erica.

Vanquished Creatures
  Maurice (D:8)
  The ghost of tstbtto the Cleaver, a novice HOFi (D:4)
  A polar bear (D:8)
  An orc warrior (D:7)
  3 ice beasts
  A sky beast (D:5)
  A black bear (D:6)
  4 ogres
  5 phantoms
  3 centaurs
  Blork the orc (D:5)
  A big kobold (D:7)
  3 giant frogs
  A wyvern skeleton (D:8)
  A scorpion (D:7)
  A water moccasin skeleton (D:8)
  11 wights
  2 howler monkeys (D:7)
  4 crimson imps
  A giant frog zombie (D:5)
  2 jellies
  2 centaur zombies
  5 hounds
  2 orc priests
  8 orc wizards
  Terence (D:2)
  4 worker ants
  A hound zombie (D:5)
  2 hound skeletons
  3 mummies (Ossuary)
  4 gnolls (D:6)
  8 adders
  A white imp (D:8)
  An ufetubus (D:8)
  An ooze (D:6)
  2 adder skeletons
  3 worms
  4 dart slugs
  7 giant geckos
  27 orcs
  3 ball pythons
  10 bats
  8 giant cockroaches
  3 goblins
  7 hobgoblins
  15 jackals
  9 kobolds
  2 quokkas
  4 giant newts
  5 gnoll skeletons (Ossuary)
  4 gnoll zombies (Ossuary)
  2 goblin skeletons (Ossuary)
  6 goblin zombies (Ossuary)
  5 hobgoblin skeletons (Ossuary)
  A hobgoblin zombie (Ossuary)
  A kobold skeleton (Ossuary)
  3 kobold zombies (Ossuary)
  6 orc skeletons (Ossuary)
  5 orc zombies (Ossuary)
  2 quokka skeletons
  A quokka zombie (D:5)
  10 rats
  2 rat skeletons (Ossuary)
  4 rat zombies
253 creatures vanquished.

Vanquished Creatures (others)
  Menkaure (Ossuary)
  A gnoll zombie (Ossuary)
  A gnoll skeleton (Ossuary)
  A hobgoblin zombie (Ossuary)
  A kobold skeleton (Ossuary)
  A kobold zombie (Ossuary)
  An orc skeleton (Ossuary)
  A rat skeleton (Ossuary)
8 creatures vanquished.

Grand Total: 261 creatures vanquished

Notes
Turn   | Place    | Note
--------------------------------------------------------------
     0 | D:1      | Ijustatesigmund the Tengu Wizard began the quest for the Orb.
     0 | D:1      | Reached XP level 1. HP: 10/10 MP: 5/5
   166 | D:1      | Reached skill level 2 in Conjurations
   425 | D:1      | Reached XP level 2. HP: 15/15 MP: 7/7
   429 | D:1      | Learned a level 2 spell: Blink
   432 | D:1      | Learned a level 2 spell: Repel Missiles
   456 | D:1      | Reached skill level 1 in Translocations
   481 | D:1      | Reached skill level 3 in Conjurations
   874 | D:1      | Reached XP level 3. HP: 19/19 MP: 1/8
  1177 | D:1      | Learned a level 3 spell: Conjure Flame
  1732 | D:2      | Noticed Terence
  1970 | D:2      | Reached skill level 1 in Slings
  2222 | D:2      | Found an ancient bone altar of Kikubaaqudgha.
  2561 | D:2      | Reached XP level 4. HP: 24/24 MP: 4/9
  2606 | D:2      | Killed Terence
  2606 | D:2      | Reached skill level 1 in Fire Magic
  2694 | D:2      | Reached skill level 4 in Conjurations
  3098 | D:3      | Gained mutation: You can fly. [Tengu growth]
  3098 | D:3      | Reached XP level 5. HP: 28/28 MP: 4/10
  3963 | D:4      | Reached skill level 5 in Conjurations
  4096 | D:4      | Reached skill level 1 in Fighting
  4096 | D:4      | Reached XP level 6. HP: 12/34 MP: 5/11
  4350 | D:4      | Noticed a phantom
  4368 | D:4      | Killed a phantom
  4510 | D:4      | Noticed tstbtto's ghost (novice HOFi)
  4844 | D:3      | Reached skill level 1 in Armour
  4890 | D:5      | Entered Level 5 of the Dungeon
  4890 | D:5      | Noticed Blork the orc
  5107 | D:5      | Reached XP level 7. HP: 39/40 MP: 2/12
  5132 | D:5      | Got a bound copper amulet
  5134 | D:5      | Identified the amulet of Bephuawu {Harm *Drain Dex+2} (You found it on level 5 of the Dungeon)
  5424 | D:5      | Found a sand-covered staircase.
  5434 | Ossuary  | Entered an ossuary
  5738 | Ossuary  | Killed Menkaure
  6316 | D:5      | Killed Blork the orc
  6601 | D:6      | Reached skill level 6 in Conjurations
  6701 | D:6      | Found a staircase to the Ecumenical Temple.
  6713 | Temple   | Entered the Ecumenical Temple
  6827 | D:6      | Reached skill level 7 in Conjurations
  6827 | D:6      | Reached XP level 8. HP: 38/44 MP: 1/13
  6868 | D:6      | Learned a level 3 spell: Mephitic Cloud
  7034 | D:6      | Reached skill level 8 in Conjurations
  7081 | D:6      | Reached skill level 1 in Air Magic
  7112 | D:6      | Reached skill level 1 in Charms
  7230 | D:6      | Reached skill level 9 in Conjurations
  8478 | D:4      | Reached XP level 9. HP: 28/48 MP: 3/14
  8703 | D:4      | Killed tstbtto's ghost
  8703 | D:4      | Reached skill level 10 in Conjurations
  9168 | D:7      | Found a hide-covered altar of Uskayaw.
  9169 | D:7      | Found a shattered altar of Ashenzari.
  9169 | D:7      | Found a shadowy altar of Dithmenos.
  9517 | D:7      | Upgraded the game from 0.19-a0-734-ge18daf0 to 0.19-a0-742-g4563caa
  9538 | D:7      | Reached skill level 1 in Long Blades
 10811 | D:7      | Found a white marble altar of Elyvilon.
 10811 | D:7      | Found a sacrificial altar of Ru.
 10812 | D:7      | Found a radiant altar of Vehumet.
 10813 | D:7      | Found a glowing silver altar of Zin.
 10814 | D:7      | Found an opulent altar of Gozag.
 10822 | D:7      | Became a worshipper of Vehumet
 10889 | D:8      | Found Gecuikigg's Magic Scroll Shop.
 10900 | D:8      | Reached skill level 5 in Translocations
 10917 | D:8      | Reached XP level 10. HP: 37/53 MP: 7/15
 11016 | D:8      | Bought a scroll of noise for 14 gold pieces
 11016 | D:8      | Bought a scroll of identify for 28 gold pieces
 11016 | D:8      | Bought a scroll of identify for 28 gold pieces
 11016 | D:8      | Bought a scroll of identify for 28 gold pieces
 11016 | D:8      | Bought a scroll of teleportation for 42 gold pieces
 11016 | D:8      | Bought a scroll of identify for 28 gold pieces
 11016 | D:8      | Bought a scroll of identify for 28 gold pieces
 11016 | D:8      | Bought a scroll of blinking for 105 gold pieces
 11021 | D:8      | Gained mutation: You passively map a small area around you. [potion of beneficial mutation]
 11036 | D:8      | Noticed Joseph
 11802 | D:8      | Noticed Maurice
 11836 | D:8      | Killed Maurice
 12395 | D:6      | Reached skill level 5 in Long Blades
 12773 | D:8      | Noticed Erica
 12790 | D:8      | Killed from afar by Erica

Vault maps used:
D:1:      minmay_arrival_hallway, serial_forest, infiniplex_forest_lined_room_3,
          infiniplex_forest_zigzag_1, infiniplex_forest_3_way,
          infiniplex_forest_split, infiniplex_forest_corner_1,
          infiniplex_forest_corner_2, infiniplex_forest_side_room,
          infiniplex_forest_corner_2
D:2:      kiku_gazebo_pond_becter, uniq_terence
D:3:      first_bread
D:5:      enter_ossuary_4, uniq_blork_the_orc
D:7:      grunt_temple_overflow_open
D:8:      serial_shops, shop_statue, serial_ice, serial_ice_m, serial_ice_o,
          serial_ice_n, serial_ice_h, serial_ice_a, serial_ice_g, serial_ice_i,
          serial_ice_c, uniq_joseph, uniq_erica, uniq_maurice
Temple:   cyrus_circular_temple
Ossuary:  ossuary_due_pyramid

Skill      XL: |  1  2  3  4  5  6  7  8  9 10 |
---------------+-------------------------------+-----
Conjurations   | 2 3 4 5 7 9 10 | 10.6
Translocations | 1 2 5 |  5.4
Slings         | 1 3 |  3.0
Fire Magic     | 1 2 |  2.3
Fighting       | 1 2 4 |  4.4
Armour         | 2 4 |  4.5
Air Magic      | 2 |  2.2
Charms         | 3 4 |  4.2
Long Blades    | 3 5 |  5.3
Dodging        | |  2.1
Stealth        | |  2.0
Spellcasting   | |  3.0
Summonings     | |  1.2

Action                   |  1- 3 |  4- 6 |  7- 9 | 10-12 || total
-------------------------+-------+-------+-------+-------++-------
Melee: Falchion          |       |       |   112 |    88 ||   200
       Kick              |       |       |    33 |    26 ||    59
       Peck              |       |       |    13 |    21 ||    34
 Fire: Hunting sling     |    62 |    39 |   186 |       ||   287
 Cast: Magic Dart        |    53 |   140 |   407 |   113 ||   713
       Repel Missiles    |     1 |     1 |     2 |     2 ||     6
       Blink             |     1 |     1 |    15 |     2 ||    19
       Conjure Flame     |       |       |     2 |     4 ||     6
 Abil: Fly               |       |       |     1 |       ||     1
Evoke: Wand              |       |       |     5 |     6 ||    11
  Use: Scroll            |     5 |     5 |     8 |     9 ||    27
       Potion            |       |     1 |     4 |     6 ||    11
 Stab: Invisible         |       |       |       |     1 ||     1
       Sleeping          |       |       |       |     1 ||     1
  Eat: Chunk             |     3 |     5 |     3 |     7 ||    18
       Fruit             |     2 |     1 |       |       ||     3
       Bread ration      |       |     1 |     3 |       ||     4
       Beef jerky        |       |       |     1 |       ||     1
       Pizza             |       |       |     1 |       ||     1
Armor: Robe              |    12 |     5 |       |       ||    17
       Ring mail         |       |     6 |   189 |    77 ||   272
Dodge: Dodged            |    23 |    23 |   176 |    67 ||   289
       Deflected         |       |     2 |     6 |     1 ||     9
